 Dungeon Crawl Stone Soup version 0.18.1-50-g88ac8fd (webtiles) character file.

119 rme2001 the Bolt Thrower (level 4, -10/38 HPs)
             Began as a Centaur Hunter on Oct 10, 2016.
             Mangled by attackplan's ghost (16 damage)
             ... on level 3 of the Dungeon.
             The game lasted 00:12:30 (2058 turns).

rme2001 the Bolt Thrower (Centaur Hunter)           Turns: 2058, Time: 00:12:31

Health: -10/38     AC:  4    Str: 16    XL:     4   Next: 73%
Magic:  4/4        EV:  9    Int: 10    God:
Gold:   93         SH:  2    Dex:  9    Spells: 0 memorised, 3 levels left

rFire  . . .     SeeInvis .     o - +2 dagger (speed)
rCold  . . .     Gourm    .     c - +0 leather armour
rNeg   . . .     Faith    .     j - +0 buckler
rPois  .         Spirit   .     (no helmet)
rElec  .         Dismiss  .     (no cloak)
rCorr  .         Reflect  .     (no gloves)
SustAt .         Harm     .     (no barding)
MR     .....                    (no amulet)
Stlth  +.........               (no ring)
                                (no ring)

@: very quick, not resistant to hostile enchantments, very unstealthy
A: hooves 3, deformed body, speed 2, tough skin 3
a: no special abilities


You were on level 3 of the Dungeon.
You were not hungry.

You visited 1 branch of the dungeon, and saw 3 of its levels.

You collected 93 gold pieces.

Inventory:

Hand Weapons
 a - a +1 hand crossbow
 o - a +2 dagger of speed (weapon)
Missiles
 i - 27 arrows
 n - 3 bolts
Armour
 c - a +0 leather armour (worn)
 j - a +0 buckler (worn)
Scrolls
 b - a scroll of remove curse {unknown}
 k - a scroll of random uselessness {unknown}
 m - a scroll of magic mapping {unknown}
Potions
 e - a potion of resistance {unknown}
 l - a potion of brilliance {unknown}
Comestibles
 d - 10 chunks of flesh
 f - 2 bread rations
 g - 3 fruits


   Skills:
 + Level 3.0 Fighting
 + Level 5.3 Crossbows
 + Level 2.5 Dodging
 - Level 0.5 Stealth


You had 3 spell levels left.
You didn't know any spells.

Dungeon Overview and Level Annotations

Branches:
Dungeon (3/15)

Altars:
Elyvilon
Trog
The Shining One

Annotations:
D:3 attackplan's ghost, amateur HOFi


Innate Abilities, Weirdness & Mutations

You have hooves in place of feet.
Armour fits poorly on your strangely shaped body.
You cover ground very quickly.
You have extremely tough skin (AC +3).


Message History

You kill the hobgoblin!
You hit attackplan's ghost but do no damage.
Attackplan's ghost misses you.
You barely miss attackplan's ghost. You closely miss attackplan's ghost.
Attackplan's ghost hits you.
Your shield and leather armour prevent you from hitting attackplan's ghost.
Attackplan's ghost hits you!
You hit attackplan's ghost but do no damage.
You kick attackplan's ghost.
Attackplan's ghost is lightly damaged.
Attackplan's ghost hits you!
* * * LOW HITPOINT WARNING * * *
You hit attackplan's ghost.
You kick attackplan's ghost, but do no damage.
Attackplan's ghost is lightly damaged.
You closely miss attackplan's ghost.
You kick attackplan's ghost, but do no damage.
Attackplan's ghost is lightly damaged.
Attackplan's ghost hits you!
You die...

## #(.##..## ..... #
##.###..### .....
######.###....##.....
..................>.!.
# #######..#.........#
##.#.......###
#....##....#####.
##.....#W##.......
#...#...@....(...#
#...##........#....#
...# #..#...### ...#
.## #.###..####...##
#. #...##.....#. #.
#._..........
........#....#.##
......###.......#.#
###....##...##....##


You could see attackplan's ghost.

Vanquished Creatures
  A worker ant zombie (D:3)
  2 adders
  4 gnolls
  A worm (D:3)
  2 giant geckos
  9 bats
  6 giant cockroaches
  2 goblins
  6 hobgoblins
  4 jackals
  A giant newt (D:3)
  4 kobolds
  3 rats
45 creatures vanquished.

Notes
Turn   | Place    | Note
--------------------------------------------------------------
     0 | D:1      | rme2001 the Centaur Hunter began the quest for the Orb.
     0 | D:1      | Reached XP level 1. HP: 17/17 MP: 1/1
    94 | D:2      | Reached XP level 2. HP: 22/24 MP: 2/2
   804 | D:1      | Reached XP level 3. HP: 11/30 MP: 3/3
   844 | D:1      | HP: 1/30 [gnoll/club (4)]
   959 | D:1      | Reached skill level 5 in Crossbows
  1346 | D:2      | Found a glowing golden altar of the Shining One.
  1438 | D:2      | Reached XP level 4. HP: 37/37 MP: 4/4
  1475 | D:2      | Found a white marble altar of Elyvilon.
  1667 | D:3      | Noticed attackplan's ghost (amateur HOFi)
  1756 | D:3      | Found a bloodstained altar of Trog.
  2058 | D:3      | Mangled by attackplan's ghost

Skill      XL: |  1  2  3  4 |
---------------+-------------+-----
Dodging        | 2 |  2.5
Crossbows      | 5 |  5.3
Fighting       | 3 |  3.0
Stealth        | |  0.5

Action                   |  1- 3 |  4- 6 || total
-------------------------+-------+-------++-------
Melee: Dagger            |       |    29 ||    29
       Kick              |       |     8 ||     8
       Short sword       |       |     7 ||     7
 Fire: Hand crossbow     |    80 |    30 ||   110
Throw: Javelin           |     5 |    12 ||    17
  Use: Scroll            |     3 |     1 ||     4
  Eat: Chunk             |       |     2 ||     2
Armor: Leather armour    |    14 |     8 ||    22
Dodge: Dodged            |    19 |    23 ||    42
